 Dungeon Crawl Stone Soup version 0.26.1-11-gd32895ea62 (webtiles) character file.

Game seed: 10331426641437731580

170 bigdumb the Slasher (level 5, -13/47 HPs)
             Began as a Draconian Berserker on June 19, 2021.
             Was an Initiate of Okawaru.
             Mangled by a polar bear (26 damage)
             ... created by the rage of Trog
             ... on level 3 of the Dungeon.
             The game lasted 00:03:00 (2190 turns).

bigdumb the Slasher (Draconian Berserker)           Turns: 2190, Time: 00:03:01

Health: -13/47     AC:  5    Str: 21    XL:     5   Next: 25%
Magic:  5/5        EV: 13    Int:  7    God:    Okawaru [......]
Gold:   168        SH:  0    Dex: 10    Spells: 4/4 levels left

rFire    . . .     SeeInvis .   a - +0 falchion
rCold    . . .     Faith    .   (no shield)
rNeg     . . .     Spirit   .   (armour unavailable)
rPois    .         Reflect  .   (helmet restricted)
rElec    .         Harm     .   (no cloak)
rCorr    .         Rampage  .   (no gloves)
Will     .....                  (no boots)
Stlth    +.........             (no amulet)
HPRegen  0.15/turn              (no ring)
MPRegen  0.09/turn              (no ring)

@: about to teleport
A: unfitting armour, cold-blooded, AC +5
a: Renounce Religion


You were on level 3 of the Dungeon.
You worshipped Okawaru.
Okawaru was noncommittal.
You visited 1 branch of the dungeon, and saw 3 of its levels.

You collected 168 gold pieces.

Inventory:

Hand Weapons
 a - a +0 falchion (weapon)
 k - a +0 short sword
Scrolls
 b - 3 scrolls of teleportation
 e - a scroll of fog {unknown}
 g - a scroll of amnesia {unknown}
 j - 2 scrolls of identify
Potions
 c - a potion of might {unknown}
 d - a potion of resistance {unknown}
 f - 2 potions of heal wounds {unknown}
 h - a potion of invisibility {unknown}
 i - a potion of haste {unknown}
 m - a potion of curing {unknown}
 n - a potion of mutation {unknown}


   Skills:
 + Level 4.4 Fighting
 + Level 4.7 Long Blades
 + Level 3.3 Dodging
 + Level 0.7 Stealth


You had 4 spell levels left.
You didn't know any spells.
Your spell library was empty.

Dungeon Overview and Level Annotations

Branches:
Dungeon (3/15)

Altars:
Nemelex Xobeh
Okawaru


Innate Abilities, Weirdness & Mutations

Your plain brown scales are hard. (AC +5)
You cannot fit into any form of body armour.
You are cold-blooded and may be slowed by cold attacks.


Message History

Press: ? - help, Dir - move target
As you read the scroll labelled XISKUI XISTA, it crumbles to dust.
It was a scroll of blinking.
You hear an angry growl. x2
You hear an angry growl. x2
You hear an angry growl. x2
You hear an angry growl. x3
You hear an angry growl. x3
A polar bear is nearby!
As you read the scroll labelled NITZUQ ATHENK, it crumbles to dust.
It is a scroll of identify.
b - 4 scrolls of teleportation You hear an angry growl. x2
As you read the scroll of teleportation, it crumbles to dust.
You feel strangely unstable.
You hear an angry growl.
You hear an angry growl.
The polar bear bites you!!
Ouch! That really hurt!
You die...

.......)......(.................#
########.###.####.....#.#######.#
###.###.##########h#######.#
............................
###.....##########.#######..
#.........#.# #.# ##.
#........†'.# #.# #.
#........†#.# #.# ##
###########@######.#########
#..h..h...#.....<).
###########+#######


You could see 2 polar bears.

Vanquished Creatures
  A phantom (D:2)
  2 adders (D:2)
  An adder zombie (D:2)
  A worm (D:2)
  A leopard gecko (D:1)
  4 orcs (D:3)
  3 giant cockroaches
  10 goblins
  4 hobgoblins
  4 jackals
  A quokka (D:2)
  3 bats
  2 frilled lizards
  9 kobolds
  7 rats
53 creatures vanquished.

Notes
Turn   | Place    | Note
-------+----------+-------------------------------------------
     0 | D:1      | bigdumb the Draconian Berserker began the quest for the
                  | Orb.
     0 | D:1      | Reached XP level 1. HP: 19/19 MP: 1/1
   404 | D:1      | Reached XP level 2. HP: 26/26 MP: 2/2
   941 | D:2      | Reached XP level 3. HP: 29/33 MP: 3/3
  1120 | D:2      | Noticed a phantom
  1137 | D:2      | Killed a phantom
  1138 | D:2      | Reached XP level 4. HP: 29/40 MP: 4/4
  1371 | D:2      | Found a sparkling altar of Nemelex Xobeh.
  1376 | D:2      | Reached XP level 5. HP: 47/47 MP: 5/5
  1550 | D:2      | Reached ** piety under Trog
  1854 | D:2      | Found an iron altar of Okawaru.
  1875 | D:2      | Fell from the grace of Trog
  1875 | D:2      | Became a worshipper of Warmaster Okawaru
  2169 | D:3      | Noticed a polar bear
  2169 | D:3      | Noticed a black bear
  2169 | D:3      | Noticed a polar bear
  2169 | D:3      | Noticed a black bear
  2169 | D:3      | Noticed a polar bear
  2190 | D:3      | Mangled by a polar bear

Illustrated notes

Levels and vault maps discovered:
D:1:      psy_arrival_terrarium, layout_loops_corners
D:2:      layout_loops_ring, lemuel_doored_altar,
          nemelex_xobeh_ov_fountains_minmay
D:3:      layout_basic, uniq_terence

Skill      XL: |  1  2  3 |
---------------+----------+-----
Dodging        | 3 |  3.3
Fighting       | 4 |  4.4
Long Blades    | 4 |  4.7
Stealth        | |  0.7

Action                   |  1- 3 |  4- 6 || total
-------------------------+-------+-------++-------
Melee: Falchion          |    69 |    78 ||   147
       Tailslap          |     8 |     9 ||    17
  Use: Scroll            |       |     3 ||     3
 Stab: Sleeping          |     2 |     2 ||     4
Armor: Skin              |    17 |    23 ||    40
Dodge: Dodged            |    44 |    51 ||    95
       Rpst.: Falchion   |    19 |    18 ||    37
